 Dungeon Crawl Stone Soup version 0.14-a0-30-gf0b6e91 (webtiles) character file.

1218 4tharraofdagon the Basher (level 8, 0/91 HPs)
             Began as an Ogre Berserker on Sept 27, 2013.
             Was a Believer of Trog.
             Slain by an orc
             ... wielding a +0,+0 orcish falchion
              (4 damage)
             ... on Level 6 of the Dungeon.
             The game lasted 00:08:53 (1866 turns).

4tharraofdagon the Basher (Ogre Berserker)          Turns: 1866, Time: 00:08:53

HP   0/91        AC  8     Str 23      XL: 8   Next: 38%
MP   7/7         EV 10     Int 13      God: Trog [**....]
Gold 69          SH  0     Dex  9      Spells:  0 memorised,  7 levels left

Res.Fire  : . . .   See Invis. : .   g - +0 giant spiked club
Res.Cold  : + . .   Warding    : .   b - +0 animal skin
Life Prot.: . . .   Conserve   : .   (shield restricted)
Res.Poison: .       Res.Corr.  : .   w - +1 wizard hat (curse)
Res.Elec. : .       Clarity    : .   (no cloak)
Sust.Abil.: . .     Spirit.Shd : .   (gloves unavailable)
Res.Mut.  : .       Stasis     : .   (boots unavailable)
Res.Rott. : .       Flight     : .   (no amulet)
Saprovore : + . .                    (no ring)
                                     v - cursed ring of protection from cold {unkno

@: regenerating, confused, exhausted, brilliant, slowed, very slow, very
resistant to hostile enchantments, extremely unstealthy
A: unfitting armour, herbivore 1, fast metabolism 1, +10% hp, saprovore 1, tough
skin 1, AC +4
a: Burn Spellbooks, Berserk, Trog's Hand, Renounce Religion


You were on level 6 of the Dungeon.
You worshipped Trog.
Trog was pleased with you.
You were not hungry.

You visited 1 branch of the dungeon, and saw 7 of its levels.
You also visited: Ossuary.

You collected 166 gold pieces.
You spent 117 gold pieces at shops.

Inventory:

Hand weapons
 a - a +0,+0 mace
 g - a +0,+0 giant spiked club (weapon)
Missiles
 l - a dart of dispersal (quivered)
Armour
 b - a +0 animal skin (worn)
 w - a cursed +1 wizard hat (worn)
Comestibles
 c - a meat ration
Scrolls
 e - a scroll of curse jewellery {unknown}
 f - a scroll of curse armour {unknown}
 i - 5 scrolls of identify {unknown}
 j - 2 scrolls of random uselessness {unknown}
 k - a scroll of enchant weapon II {unknown}
 n - a scroll of teleportation {unknown}
 p - a scroll of fog {unknown}
 s - a scroll of blinking {unknown}
 t - 3 scrolls of remove curse {unknown}
Jewellery
 v - a cursed ring of protection from cold (left hand) {unknown}
Potions
 h - a potion of confusion
 m - a potion of paralysis
 o - 2 potions of berserk rage
 q - 3 potions of brilliance
 r - a potion of heal wounds {unknown}


   Skills:
 + Level 7.9 Fighting
 * Level 10.3 Maces & Flails
 - Level 2.6 Armour
 - Level 2.9 Dodging


You had 7 spell levels left.
You didn't know any spells.

Dungeon Overview and Level Annotations

Branches:
Dungeon (7/27)
 Temple: D:4-7          Orc: D:6-11

Altars:
Elyvilon
the Shining One

Shops:
D:4 !


Innate Abilities, Weirdness & Mutations

You are too large for most types of armour.
You have a fast metabolism.
You can tolerate rotten meat.
You have tough skin (AC +1).
You are partially covered in iridescent scales (AC +4).
You digest meat inefficiently.
You are robust (+10% HP).


Message History

The orc priest hits you with an orcish trident.
* * * LOW HITPOINT WARNING * * *
The orc hits you with an orcish flail.
* * * LOW HITPOINT WARNING * * *
Unknown command.
Drink which item? (? for menu, Esc to quit)
You're too exhausted to go berserk.
It was a potion of berserk rage.
The orc barely misses you. The hobgoblin hits you with a club.
* * * LOW HITPOINT WARNING * * *
The orc priest hits you with an orcish trident.
* * * LOW HITPOINT WARNING * * *
The orc barely misses you.
Unknown command.
Drink which item? (? for menu, Esc to quit)
Okay, then.
Drink which item? (? for menu, Esc to quit)
You are confused.
It was a potion of confusion.
The orc hits you with an orcish falchion.
You die...

. #..... .... ##.....
..... ###...... ......
#........ ....=
######........ ###...##
#...##........
#......###......##.....
#....go#...............
#....o@.....>..........
#.....o#.(..............
........(...............
.>...............(......
.......###########......
.##### #..... #......
#....[. #......


You could see an orc priest, 2 orcs and a hobgoblin.

Vanquished Creatures
  The ghost of dsn the Sneak, an average SpEn (D:5)
  A phantom (D:6)
  An ogre (D:6)
  Sigmund (D:6)
  Duvessa (D:6)
  A wyvern zombie (D:6)
  A giant frog (D:6)
  A centaur zombie (Ossuary)
  Dowan (D:6)
  A quasit (D:6)
  An orc wizard (D:6)
  An orc priest (D:6)
  A worker ant (D:4)
  2 hounds (D:6)
  A giant frog skeleton (D:7)
  A scorpion (D:6)
  Ijyb (D:4)
  3 big kobold zombies (Ossuary)
  2 mummies (Ossuary)
  2 adders (D:4)
  3 gnolls (D:5)
  An iguana zombie (D:6)
  A giant eyeball (D:6)
  4 giant geckos
  4 orcs
  A giant cockroach (D:1)
  5 hobgoblins
  8 jackals
  4 kobolds
  A quokka (D:4)
  2 ball pythons
  3 bats
  A giant newt (D:1)
  4 goblins
  3 goblin zombies (Ossuary)
  10 hobgoblin zombies (Ossuary)
  A human zombie (Ossuary)
  2 jackal zombies (Ossuary)
  A kobold skeleton (D:6)
  9 kobold zombies (Ossuary)
  5 orc zombies (Ossuary)
  7 rats
105 creatures vanquished.

Notes
Turn   | Place    | Note
--------------------------------------------------------------
     0 | D:1      | 4tharraofdagon, the Ogre Berserker, began the quest for the Orb.
     0 | D:1      | Reached XP level 1. HP: 23/23 MP: 0/0
    76 | D:1      | Reached XP level 2. HP: 30/32 MP: 1/1
   311 | D:2      | Found a glowing golden altar of the Shining One.
   318 | D:2      | Reached skill level 5 in Maces & Flails
   387 | D:2      | Reached XP level 3. HP: 25/39 MP: 2/2
   534 | D:4      | Found Ski Qeac's Distillery.
   553 | D:4      | Bought a potion of mutation for 39 gold pieces
   553 | D:4      | Bought a potion of mutation for 39 gold pieces
   553 | D:4      | Bought a potion of curing for 26 gold pieces
   553 | D:4      | Bought a potion of paralysis for 13 gold pieces
   554 | D:4      | Gained mutation: You evolve. [potion of mutation]
   554 | D:4      | Gained mutation: You have sharp toenails. [potion of mutation]
   555 | D:4      | Gained mutation: You are robust (+10% HP). [potion of mutation]
   555 | D:4      | Gained mutation: Your muscles are strong. (Str +2) [potion of mutation]
   555 | D:4      | Gained mutation: You digest meat inefficiently. [potion of mutation]
   556 | D:4      | Lost mutation: You have sharp toenails. [potion of mutation]
   556 | D:4      | Lost mutation: Your muscles are strong. (Str +2) [potion of mutation]
   571 | D:4      | Gained mutation: You are partially covered in iridescent scales (AC +4). [evolution]
   571 | D:4      | Lost mutation: You evolve. [end of evolution]
   611 | D:4      | Acquired Trog's second power
   639 | D:4      | Reached XP level 4. HP: 52/52 MP: 3/3
   647 | D:4      | Found a white marble altar of Elyvilon.
   666 | D:4      | Reached skill level 5 in Fighting
   686 | D:4      | Noticed Ijyb
   697 | D:4      | Killed Ijyb
   697 | D:4      | Reached skill level 6 in Maces & Flails
   810 | D:5      | Entered Level 5 of the Dungeon
   885 | D:5      | Reached XP level 5. HP: 56/60 MP: 4/4
   946 | D:5      | Noticed dsn's ghost (average SpEn)
   976 | D:5      | Killed dsn's ghost
   976 | D:5      | Reached skill level 7 in Maces & Flails
   976 | D:5      | Reached skill level 1 in Armour
   976 | D:5      | Reached XP level 6. HP: 15/71 MP: 5/5
  1115 | D:6      | Noticed Sigmund
  1146 | D:6      | Killed Sigmund
  1146 | D:6      | Reached skill level 8 in Maces & Flails
  1146 | D:6      | Reached XP level 7. HP: 79/79 MP: 6/6
  1174 | D:6      | Paralysed by a giant eyeball for 4 turns
  1214 | D:6      | Found a sand-covered staircase.
  1219 | Ossuary  | Entered an ossuary
  1624 | D:6      | Noticed Duvessa
  1625 | D:6      | Noticed Dowan
  1644 | D:6      | Reached skill level 9 in Maces & Flails
  1664 | D:6      | Killed Duvessa
  1687 | D:6      | Killed Dowan
  1687 | D:6      | Reached XP level 8. HP: 91/91 MP: 7/7
  1811 | D:6      | Reached skill level 10 in Maces & Flails
  1865 | D:6      | HP: 2/91 [orc priest/orcish trident (5)]
  1866 | D:6      | Slain by an orc

Action                   |  1- 3 |  4- 6 |  7- 9 || total
-------------------------+-------+-------+-------++-------
Melee: Mace              |    78 |    73 |   209 ||   360
       Giant spiked club |       |       |    23 ||    23
Invok: Berserk           |     1 |     3 |     4 ||     8
       Trog's Hand       |       |     2 |     6 ||     8
  Use: Potion            |     3 |       |     6 ||     9
